 Dungeon Crawl Stone Soup version 0.29-a0-362-g5854e031c7 (webtiles) character file.

Game seed: 7932603372387120806

23 Bruhh the Changer (level 3, -2/26 HPs)
             Began as a Merfolk Transmuter on Apr 29, 2022.
             Slain by a goblin
             ... wielding a +0 club
              (4 damage)
             ... on level 3 of the Dungeon.
             The game lasted 00:02:27 (1712 turns).

Bruhh the Changer (Merfolk Transmuter)              Turns: 1712, Time: 00:02:27

Health: -2/26      AC:  2    Str: 10    XL:     3   Next: 0%
Magic:  6/6        EV: 12    Int: 14    God:
Gold:   41         SH:  0    Dex: 14    Spells: 5/6 levels left

rFire   . . .      SeeInvis .     - Unarmed
rCold   . . .      Faith    .   (no shield)
rNeg    . . .      Spirit   .   a - +0 robe
rPois   .          Reflect  .   (no helmet)
rElec   .          Harm     .   (no cloak)
rCorr   .          Rampage  .   (no gloves)
Will    .....                   (no boots)
Stlth   +.........              (no amulet)
HPRegen 0.08/turn               (no ring)
MPRegen 0.10/turn               (no ring)

@: no status effects
A: (nimble swimmer 2), mertail
a: no special abilities


You were on level 3 of the Dungeon.
You visited 1 branch of the dungeon, and saw 3 of its levels.

You collected 41 gold pieces.

Inventory:

Armour
 a - a +0 robe (worn)
Jewellery
 j - a ring of protection from fire
Scrolls
 c - a scroll of enchant armour {unknown}
 e - a scroll of summoning {unknown}
 f - 4 scrolls of vulnerability {unknown}
 g - a scroll of teleportation {unknown}
 h - a scroll of fear {unknown}
 k - a scroll of amnesia {unknown}
Potions
 b - a potion of lignification
 d - a potion of berserk rage {unknown}
 i - a potion of degeneration {unknown}
 l - a potion of curing {unknown}
 m - a potion of cancellation {unknown}


   Skills:
 - Level 1.1 Fighting
 - Level 2.6 Dodging
 - Level 3.2 Unarmed Combat
 + Level 2.2 Spellcasting
 * Level 4.2 Transmutations


You had 5 spell levels left.
You knew the following spells:

 Your Spells              Type           Power      Damage    Failure   Level
a - Beastly Appendage     Tmut           26%        N/A       4%          1

Your spell library contained the following spells:

 Spells                   Type           Power      Damage    Failure   Level
 Wereblood                Tmut           13%        N/A       6%          2
 Spider Form              Tmut/Pois      7%         N/A       28%         3
 Ice Form                 Ice/Tmut       7%         N/A       67%         4


Dungeon Overview and Level Annotations

Branches:
Dungeon (2/15)

Altars:


Innate Abilities, Weirdness & Mutations

((You are very nimble when in or above water. (Stealth+, EV+, Speed+++)))
Your lower body shifts to a powerful aquatic tail in water.


Message History

A giant cockroach comes into view.
The giant cockroach moves out of view.
The gnoll attacks as you move away! The gnoll hits you with a +0 flail.
The gnoll attacks as you move away! The gnoll hits you with a +0 flail!
Your transformation is almost over.
The frilled lizard bites you but does no damage.
The frilled lizard attacks as you move away!
The frilled lizard barely misses you.
The frilled lizard attacks as you move away!
The frilled lizard barely misses you.
The frilled lizard attacks as you move away!
The frilled lizard bites you.
A hobgoblin comes into view.
The giant cockroach waves its antennae.
The frilled lizard attacks as you move away!
The frilled lizard bites you but does no damage.
A goblin comes into view. It is wielding a +0 club.
Found 7 gold pieces.
The frilled lizard attacks as you move away!
The frilled lizard barely misses you. The hobgoblin barely misses you.
The goblin barely misses you.
You barely miss the goblin.
Your horns disappear.
The hobgoblin hits you but does no damage.
The frilled lizard hisses.
The frilled lizard misses you. The goblin barely misses you.
The hobgoblin attacks as you move away! The hobgoblin hits you.
* * * LOW HITPOINT WARNING * * *
The goblin closely misses you. The hobgoblin attacks as you move away!
The hobgoblin barely misses you.
A quokka comes into view.
The goblin misses you. The giant cockroach closely misses you.
The hobgoblin attacks as you move away! The hobgoblin hits you.
* * * LOW HITPOINT WARNING * * *
The goblin attacks as you move away! The goblin closely misses you.
The giant cockroach attacks as you move away!
The giant cockroach bites you but does no damage.
The goblin attacks as you move away! The goblin hits you with a +0 club.
You die...

######### ###
#.......######## #..
#.......#......#######..
........#......##.......
........#gg.............
.......@B.l.g.....>.....
........g..g.....#.###..
.........$....####.###..
......r.......# #gB....
...........#### #.g.g..
..#......... #...... .
####....... #......
#........ #...##.
....#.##.


You could see 3 gnolls, a quokka, a giant cockroach, a hobgoblin, a goblin and a
frilled lizard.

Vanquished Creatures
  4 ball pythons (D:1)
  4 bats (D:1)
  3 goblins
  A hobgoblin (D:1)
  4 jackals (D:1)
  2 kobolds (D:1)
  2 frilled lizards (D:1)
  A rat (D:1)
21 creatures vanquished.

Notes
Turn   | Place    | Note
-------+----------+-------------------------------------------
     0 | D:1      | Bruhh the Merfolk Transmuter began the quest for the Orb.
     0 | D:1      | Reached XP level 1. HP: 15/15 MP: 3/3
    50 | D:1      | Reached skill level 3 in Transmutations
   355 | D:1      | Reached XP level 2. HP: 21/21 MP: 3/5
  1012 | D:1      | Reached skill level 4 in Transmutations
  1643 | D:2      | You fall into a shaft and drop 1 floor!
  1651 | D:3      | Reached XP level 3. HP: 23/26 MP: 4/6
  1712 | D:3      | Slain by a goblin

Illustrated notes

Levels and vault maps discovered:
D:1:      saegor_arrival_simple_d, layout_loops_cross, roderic_filled_cross,
          minmay_pentomino_o2
D:2:      layout_loops_cross, basic_altar,
          hellmonk_ecumenical_altar_inner_sanctum, serial_shops,
          nicolae_shop_waterfront
D:3:      layout_basic, serial_shops, shop, nicolae_square_shop, shop_coins,
          shop, nicolae_grassy_gnolls

Skill      XL: |  1  2 |
---------------+-------+-----
Transmutations | 3 4 |  4.2
Fighting       | |  1.1
Dodging        | |  2.6
Unarmed Combat | |  3.2
Spellcasting   | |  2.2

Action                   || total
-------------------------++-------
Melee: Unarmed           ||    67
       Headbutt          ||     8
 Cast: Beastly Appendage ||    12
Armor: Robe              ||    25
Dodge: Dodged            ||    74

Table legend: (Time is in decaauts)
 A = Elapsed time spent in this place.
 B = Non-inter-level travel time spent in this place.
 C = Inter-level travel time spent in this place.
 D = Time resting spent in this place.
 E = Time spent auto-exploring this place.
 F = Levels seen in this place.
 G = Mean time per level.
                   A        B        C        D        E       F      G
               +--------+--------+--------+--------+--------+-----+--------+
         Total |   1705 |   1663 |     42 |      0 |   1482 |   3 |  568.3 |
       Dungeon |   1705 |   1663 |     42 |      0 |   1482 |   3 |  568.3 |
               +--------+--------+--------+--------+--------+-----+--------+

Top non-repeatable levels by time:
     D:1: 1345 daAuts
     D:2: 292 daAuts
     D:3: 68 daAuts
